Match 42186935
Unlisted

Match 42186935
End
Kettenkrad Recon Vehicle
Construct Infanterie Kompanie
Selects Terror Battlegroup
Selects Machine Gun Camouflage
MG 42 Machine Gun Team
MG 42 Machine Gun Team
Construct Panzergrenadier Kompanie
Panzergrenadier Squad
251 Medium Carrier
Pak 40 Anti-tank Gun Team
Panzergrenadier Officer Quarters
Selects Contempt for the Weak
Panzergrenadier Squad
Construct Panzer Kompanie
Pioneer Squad
Panzer IV Medium Tank
Stoßtruppen Squad
Selects Propaganda Leaflet Drop
Propaganda Leaflet Drop
Panzer IV Medium Tank
Panzer Officer Quarters
Selects No Quarter
Propaganda Leaflet Drop
Repair Bunker
Pioneer Squad
Panzer IV Medium Tank
Panzer IV Medium Tank
Propaganda Leaflet Drop
Side Skirts
Propaganda Leaflet Drop
Selects King Tiger Heavy Tank
King Tiger Heavy Tank
Selects V1 Rocket Strike
Ori
mcq_knight
A Quick Workaround
Bro, I am in trouble, too.
STALKER4732
GarryOwen\O-O
Blaston
YangXYZ
0
0

Comments sign in to comment!

No comments posted yet!